 Dungeon Crawl Stone Soup version 0.24.0-123-gd5b16e6ec5 (webtiles) character file.

Game seed: 17157109194746476361, levelgen mode: deterministic

19 Mevorra the Stinger (level 2, -1/22 HPs)
             Began as a Naga Venom Mage on Feb 3, 2020.
             Slain by an adder (5 damage)
             ... on level 2 of the Dungeon.
             The game lasted 00:04:15 (450 turns).

Mevorra the Stinger (Naga Venom Mage)                Turns: 450, Time: 00:04:15

Health: -1/22      AC:  5    Str: 10    XL:     2   Next: 75%
Magic:  1/5        EV:  9    Int: 15    God:
Gold:   37         SH:  0    Dex: 11    Spells: 2/5 levels left

rFire    . . .     SeeInvis +   d - +0 whip
rCold    . . .     Gourm    .   (no shield)
rNeg     . . .     Faith    .   g - +3 leather armour
rPois    +         Spirit   .   (no helmet)
rElec    .         Reflect  .   (no cloak)
rCorr    .         Harm     .   (no gloves)
MR       .....                  (no barding)
Stlth    ++........             (no amulet)
HPRegen  0.07/turn              h - ring of see invisible
MPRegen  0.09/turn              (no ring)

@: lethally poisoned (-1 -> -9), very slow
A: large, see invisible, deformed body, poison resistance, slowness 2, slow
metabolism 1, spit poison 1, AC +0
a: Spit Poison


You were on level 2 of the Dungeon.
You were not hungry.

You visited 1 branch of the dungeon, and saw 2 of its levels.

You collected 37 gold pieces.

Inventory:

Hand Weapons
 d - a +0 whip (weapon)
Armour
 g - a +3 leather armour (worn)
Jewellery
 h - a ring of see invisible (left hand)
Scrolls
 a - a scroll of fog {unknown}
 b - a scroll of remove curse {unknown}
 e - 2 scrolls of identify {unknown}
 j - a scroll of random uselessness {unknown}
 k - a scroll of blinking {unknown}
Potions
 f - a potion of heal wounds {unknown}
Comestibles
 c - a ration
 i - 2 chunks of flesh


   Skills:
 + Level 2.0 Dodging
 - Level 3.0 Stealth
 + Level 2.2 Spellcasting
 + Level 1.1 Conjurations
 + Level 4.5 Poison Magic


You had 2 spell levels left.
You knew the following spells:

 Your Spells              Type           Power        Failure   Level  Hunger
a - Sting                 Conj/Pois      ##..         10%         1    #......
b - Poisonous Vapours     Pois/Air       #.....       17%         2    ###....

Your spell library contained the following spells:

 Spells                   Type           Power        Failure   Level  Hunger
 Mephitic Cloud           Conj/Pois/Air  #.......     38%         3    ###....
 Olgreb's Toxic Radiance  Pois           ###.....     41%         4    #####..
 Venom Bolt               Conj/Pois      ##........   95%         5    ######.


Dungeon Overview and Level Annotations

Branches:
Dungeon (1/15)

Altars:


Innate Abilities, Weirdness & Mutations

You cannot wear boots.
Your serpentine skin is tough. (AC +0)
You have supernaturally acute eyesight. (SInv)
Armour fits poorly on your strangely shaped body.
Your system is resistant to poisons. (rPois)
You cover ground very slowly.
You have a slow metabolism.
You can spit poison.


Message History

Aim: a quokka (hasn't noticed you) Poisonous vapours surround the quokka!
The adder misses you.
The quokka is engulfed in poison gas.
The quokka is poisoned.
You hit the quokka but do no damage.
The quokka is heavily wounded.
The adder bites you.
The quokka bites you but does no damage.
The adder bites you.
You are lethally poisoned!
The adder poisons you! The quokka bites you.
* * * LOW HITPOINT WARNING * * *
Casting: Poisonous Vapours (safe; 17% risk of failure)
Confirm with . or Enter, or press ? or * to list all spells.
Aiming: Sting (safe; 10% risk of failure)
Press: ? - help, Shift-Dir - straight line, f - adder, p - quokka
Aim: an adder The sting misses the adder.
* * * LOW HITPOINT WARNING * * *
You feel sick. The adder bites you.
You die...

### # #.. #. #$#
#.#### #.#
.#.....####.####
.........(S....#
.........@r###.#
...........# # #
..##.รท...#
#...###.....#####...
#.#>................
#.#####.....#####...
####..................
+......###.....#####..
######.# #######


You could see an adder and a quokka.

Vanquished Creatures
  An adder (D:2)
  5 bats
  A giant cockroach (D:2)
  A goblin (D:1)
  A hobgoblin (D:2)
  2 rats
11 creatures vanquished.

Notes
Turn   | Place    | Note
-------+----------+-------------------------------------------
     0 | D:1      | Mevorra the Naga Venom Mage began the quest for the Orb.
     0 | D:1      | Reached XP level 1. HP: 15/15 MP: 3/3
   148 | D:1      | You fall into a shaft and drop 1 floor!
   244 | D:2      | Reached XP level 2. HP: 16/22 MP: 0/5
   249 | D:2      | Learned a level 2 spell: Poisonous Vapours
   450 | D:2      | Slain by an adder

Levels and vault maps discovered:
D:1:      dpeg_arrival_three_same_balls, layout_basic, st_stairs_4
D:2:      layout_basic, ashenzari_altar_1, uniq_terence

Skill      XL: |  1  2 |
---------------+-------+-----
Dodging        | 2 |  2.0
Stealth        | |  3.0
Spellcasting   | |  2.2
Conjurations   | |  1.1
Poison Magic   | |  4.5

Action                   || total
-------------------------++-------
Melee: Unarmed           ||    21
       Whip              ||    12
 Cast: Sting             ||    17
       Poisonous Vapours ||     2
Armor: Leather armour    ||    27
       Robe              ||     9
Dodge: Dodged            ||    33
